 Dungeon Crawl Stone Soup version 0.30-a0-918-g0ff054e9dc (webtiles) character file.

Game seed: 2759016265128960285

412933 DeathPants the Warrior (level 23, -25/123 (133) HPs)
             Began as a Vine Stalker Fighter on Mar 20, 2023.
             Was an Initiate of Gozag.
             Killed from afar by a shadow dragon (39 damage)
             ... with a bolt of negative energy
             ... on level 4 of the Vaults.
             The game lasted 03:11:08 (42907 turns).

DeathPants the Warrior (Vine Stalker Fighter)      Turns: 42907, Time: 03:11:08

HP:   -25/123 (133) AC: 20    Str: 25    XL:     23   Next: 54%
MP:   0/36          EV: 22    Int: 16    God:    Gozag
Gold: 10961         SH: 13    Dex: 26    Spells: 21/38 levels left

rFire   . . .      SeeInvis .    b - +6 quick blade "Orogg" {spect, rElec rC- Will+ Dex+2}
rCold   . . .      Faith    .    Y - +1 buckler {rPois}
rNeg    . . .      Spirit   +    N - +1 ring mail of the Stag {Int+2 Slay+4}
rPois   +          Reflect  +    T - +2 hat of the Equator {rC+ Dex+4}
rElec   +          Rampage  .    O - +2 cloak {Stlth+}
rCorr   .                        t - +2 pair of gloves {hurl}
Will    +++..                    U - +2 pair of boots
Stlth   ++++++                   J - amulet of Cohoaz {Reflect Regen+ Str+5 Dex-2 SH+5}
HPRegen 2.00/turn                p - ring "Wiob" {Wiz Int+4 Slay+2}
MPRegen 0.25/turn                I - +4 ring of slaying

@: about to teleport, gold aura, studying 2 skills, drained, invisible
A: fangs 3, regeneration 1, magic shield, antimagic bite, no potion heal 2
}: 2/15 runes: barnacled, gossamer
a: Renounce Religion, Potion Petition, Call Merchant, Bribe Branch


You were on level 4 of the Vaults.
You worshipped Gozag.
Gozag was extremely pleased with you.
You visited 8 branches of the dungeon, and saw 40 of its levels.

You collected 19424 gold pieces.
You spent 4919 gold pieces at shops.
You paid 3544 gold pieces to Gozag.

Inventory:

Hand Weapons
 a - a +1 rapier of holy wrath
 b - the +6 quick blade "Orogg" (weapon) {spect, rElec rC- Will+ Dex+2}
   (You acquired it on level 6 of the Dungeon)

   Dex:       It affects your dexterity (+2).
   rC:        It makes you vulnerable to cold.
   rElec:     It insulates you from electricity.
   Will:      It increases your willpower.
 w - a +4 scimitar of flaming
 L - a +1 rapier of speed
Missiles
 n - 5 silver javelins
 o - 13 javelins (quivered)
 x - 11 boomerangs
 R - 7 throwing nets
Armour
 t - a +2 pair of gloves of hurling (worn)
 N - the +1 ring mail of the Stag (worn) {Int+2 Slay+4}
   (You found it on level 1 of the Shoals)

   Int:       It affects your intelligence (+2).
   Slay:      It affects your accuracy & damage with ranged weapons and melee
   (+4).
 O - a +2 cloak of stealth (worn)
 T - the +2 hat of the Equator (worn) {rC+ Dex+4}
   (You acquired it on level 12 of the Dungeon)

   Dex:       It affects your dexterity (+4).
   rC:        It protects you from cold.
 U - a +2 pair of boots (worn)
 Y - a +1 buckler of poison resistance (worn)
Jewellery
 d - a ring of protection from fire
 p - the ring "Wiob" (left hand) {Wiz Int+4 Slay+2}
   (You bought it in a shop on level 2 of the Orcish Mines)

   [ring of wizardry]

   It improves your spell success rate.
   Int:       It affects your intelligence (+4).
   Slay:      It affects your accuracy & damage with ranged weapons and melee
   (+2).
 y - a ring of flight
 B - a ring of resist corrosion
 C - the ring "Teut" {rPois Will++ Str+4}
   (You found it on level 14 of the Dungeon)

   [ring of poison resistance]

   Str:       It affects your strength (+4).
   rPois:     It protects you from poison.
   Will:      It greatly increases your willpower.
 G - a ring of see invisible
 I - a +4 ring of slaying (right hand)
 J - the amulet of Cohoaz (around neck) {Reflect Regen+ Str+5 Dex-2 SH+5}
   (You bought it in a shop on level 8 of the Dungeon)

   [amulet of reflection]

   It reflects blocked missile attacks.
   Str:       It affects your strength (+5).
   Dex:       It affects your dexterity (-2).
   Regen:     It increases your rate of health regeneration.
   SH:        It affects your SH (+5).
 X - a +5 ring of evasion
Wands
 K - a wand of digging (4)
Scrolls
 c - 5 scrolls of vulnerability
 f - 2 scrolls of brand weapon
 h - 7 scrolls of magic mapping
 k - 4 scrolls of fear
 q - 5 scrolls of silence
 r - 8 scrolls of fog
 u - 11 scrolls of teleportation
 z - 6 scrolls of amnesia
 M - 7 scrolls of enchant weapon
 Q - 4 scrolls of enchant armour
 S - 6 scrolls of blinking
 Z - 2 scrolls of butterflies
Potions
 e - 9 potions of attraction
 g - 5 potions of magic
 i - 2 potions of flight
 j - 2 potions of might
 l - 21 potions of curing
 m - 4 potions of resistance
 v - 7 potions of invisibility
 D - 5 potions of lignification
 F - 10 potions of haste
 H - 4 potions of cancellation
 P - 9 potions of mutation
 W - 2 potions of berserk rage
Miscellaneous
 s - a condenser vane
 A - a box of beasts
 E - a tin of tremorstones (2/2)
 V - a phial of floods


   Skills:
 - Level 18.2 Fighting
 + Level 10.1(12.5) Short Blades
 + Level 11.8(13.3) Long Blades
 - Level 16.0 Throwing
 - Level 10.1 Armour
 - Level 12.5 Dodging
 - Level 12.2 Stealth
 - Level 4.3 Shields
 - Level 8.0 Spellcasting
 - Level 7.8 Hexes
 - Level 11.2 Necromancy
 - Level 11.3 Transmutations
 - Level 11.2 Earth Magic


You had 21 spell levels left.
You knew the following spells:

 Your Spells              Type           Power      Damage    Failure   Level
a - Wereblood             Tmut           42%        N/A       1%          2
b - Borgnjor's Vile Clut  Necr/Erth      21%        N/A       2%          5
c - Agony                 Necr           42%        N/A       2%          5
d - Yara's Violent Unrav  Hex/Tmut       18%        3d9       4%          5

Your spell library contained the following spells:

 Spells                   Type           Power      Damage    Failure   Level
 Beastly Appendage        Tmut           84%        N/A       1%          1
 Necrotise                Necr           100%       1d9       1%          1
 Slow                     Hex            100%       N/A       1%          1
 Passwall                 Tmut/Erth      35%        N/A       1%          2
 Sublimation of Blood     Necr           42%        N/A       1%          2
 Confusing Touch          Hex            31%        N/A       1%          3
 Tukima's Dance           Hex            31%        N/A       1%          3
 Vampiric Draining        Necr           42%        2d9       1%          3
 Petrify                  Tmut/Erth      42%        N/A       1%          4
 Ensorcelled Hibernation  Hex/Ice        36%        N/A       2%          2
 Spider Form              Tmut/Pois      24%        N/A       2%          3
 Ignite Poison            Fire/Tmut/Pois 18%        N/A       5%          3
 Freeze                   Ice            24%        1d4       9%          1
 Ice Form                 Ice/Tmut       24%        N/A       9%          4
 Blink                    Tloc           12%        N/A       12%         2
 Scorch                   Fire           12%        2d5       12%         2
 Statue Form              Tmut/Erth      28%        N/A       12%         6
 Alistair's Intoxication  Tmut/Pois      16%        N/A       22%         5
 Irradiate                Conj/Tmut      12%        3d15      22%         5
 Kindle Blastsparks       Fire/Tloc/Air  12%        2d11      24%         3
 Swiftness                Air            6%         N/A       24%         3
 Metabolic Englaciation   Hex/Ice        9%         N/A       41%         5
 Flame Wave               Conj/Fire      6%         2d5       58%         4
 Manifold Assault         Tloc           6%         N/A       58%         4
 Passage of Golubria      Tloc           6%         N/A       58%         4
 Summon Ice Beast         Ice/Summ       6%         N/A       58%         4
 Eringya's Noxious Bog    Tmut/Pois      12%        N/A       73%         6
 Freezing Cloud           Conj/Ice/Air   3%         6-21      89%         5
 Storm Form               Tmut/Air       12%        N/A       99%         7
 Borgnjor's Revivificati  Necr           21%        N/A       99%         8
 Necromutation            Tmut/Necr      21%        N/A       99%         8
 Summon Cactus Giant      Summ           3%         N/A       100%        6
 Ozocubu's Refrigeration  Ice            3%         4d8       100%        7
 Death's Door             Necr           21%        N/A       100%        9


Dungeon Overview and Level Annotations

Branches:
Dungeon (15/15)            Temple (1/1) D:5            Lair (5/5) D:9
 Shoals (4/4) Lair:2       Spider (4/4) Lair:2        Slime (0/5) Lair:5
    Orc (2/2) D:12            Elf (0/3) Orc:2        Vaults (5/5) D:13
  Crypt (0/3) Vaults:3     Depths (4/4) D:15            Zot (0/5) Depths:4

Altars:
Dithmenos
Elyvilon
Fedhas
Gozag
Hepliaklqana
Kikubaaqudgha
Makhleb
Okawaru
Qazlal
Sif Muna
Trog
Uskayaw
Vehumet
Wu Jian
Xom
Yredelemnul
The Shining One
Jiyva

Shops:
D:8 =   Orc:1 *   Orc:2 [*=!(   Shoals:4 *[*[   Depths:1 (

Portals:
Hell: Depths:1 Depths:2 Depths:3 Depths:4
Abyss: Depths:3 Depths:4
Pandemonium: Depths:2 Depths:4
Ziggurat: Depths:4

Annotations:
Shoals:4 exclusion: 2 oklob plants


Innate Abilities, Weirdness & Mutations

You have razor-sharp teeth.
Your natural rate of healing is unusually fast.
When hurt, damage is shared between your health and your magic reserves.
Your bite disrupts and absorbs the magic of your enemies.
Potions cannot restore your health.


Message History

The orc warrior dies!
The fireball engulfs the vault guard!!
The troll bites the titan!
The troll claws the titan but does no damage.
The troll claws the titan!
The lich is distracted by your dazzling golden aura.
The orc warrior shouts!
You hear a shout! x3
You climb upwards.
Reactivating autopickup.
There is a stone staircase leading down here.
As you read the scroll of fear, it crumbles to dust.
You assume a fearsome visage.
The frost giant looks frightened!
The vault sentinel resists with almost no effort.
The vault guard looks frightened!
The ettin looks frightened!
The vault guard looks frightened!
The shadow dragon resists with almost no effort.
The shadow dragon bites you.
* * * LOW HITPOINT WARNING * * *
The shadow dragon claws you!
* * * LOW HITPOINT WARNING * * *
You block the shadow dragon's attack.
The ettin is distracted by your dazzling golden aura.
The ettin shouts in stereo!
As you read the scroll of teleportation, it crumbles to dust.
You feel strangely unstable.
The ettin is no longer distracted by gold.
You block the shadow dragon's attack. The shadow dragon closely misses you.
The shadow dragon completely misses you.
The vault sentinel blows a loud note on a signal horn!
The frost giant is distracted by your dazzling golden aura.
You block the shadow dragon's attack. The shadow dragon misses you.
The shadow dragon claws you.
* * * LOW HITPOINT WARNING * * *
The vault guard cries, "Mercy!"
The vault sentinel barely misses you.
The vault sentinel attacks as you move away!
The vault sentinel closely misses you.
The shadow dragon breathes negative energy at you.
The bolt of negative energy hits you!!!
You feel drained.
You die...
Your body crumbles into a pile of gold.

############# #.........
#......... #.....####
####### #.....#
##p....## #.....#
#...#...# #.....#
####.###.#####.....#
##C#.D.#...#.##.....#
#....>.@......#.....####
#..#.p.#...#..'.....#...
#.###.###.###.#.....#...
#..#pC.#...#..'.....'...
#.............#.....#...
##.#...#...#.##.....#...
####.###.#####.....#...
#...#...# #.....#...
##.....## #.....'...


You could see a shadow dragon (catching breath), a frost giant (fleeing), a
vault guard (fleeing), an ettin (unable to see you, fleeing) and a vault
sentinel (catching breath).

Vanquished Creatures
  Mara (Depths:2)
  Frederick (Vaults:4)
  Vv (Depths:3)
  2 golden dragons
  A bone dragon (Depths:4)
  Nikola (Shoals:1)
  Jorgrun (Shoals:3)
  Mlioglotl (Shoals:3)
  An ancient champion (Vaults:3)
  A titan (Depths:4)
  4 sphinxes
  Frances (Shoals:2)
  Polyphemus (Shoals:3)
  3 shadow dragons
  2 tengu reavers
  The ghost of porpoise the Spry, an adept DjFE of Makhleb (Spider:3)
  Kirke (D:15)
  7 fire giants
  2 iron dragons
  Ilsuiw (Shoals:2)
  2 draconian knights (Depths:4)
  A deep elf sorcerer (Depths:4)
  A draconian scorcher (Depths:4)
  10 frost giants
  6 ghost moths
  14 vault wardens
  Louise (Shoals:1)
  A balrug (Depths:3)
  11 ironbound preservers
  7 emperor scorpions
  3 orc warlords
  A caustic shrike zombie (D:15)
  8 stone giants
  2 war gargoyles (Vaults:5)
  8 broodmothers
  11 ironbound thunderhulks
  2 vampire knights (Depths:1)
  18 very ugly things
  7 dire elephants
  A green draconian (Depths:4)
  Azrael (D:14)
  7 spark wasps
  2 purple draconians (Depths:4)
  3 white draconians (Depths:4)
  The ghost of hikkokomori the Fighter, a journeyman BaHu of Hepliaklqana (Lair:4)
  The ghost of diodin the Frost Mage, a journeyman MfIE of Dithmenos (Lair:2)
  An eidolon (Vaults:3)
  Snorg (Lair:4)
  A green death (Depths:4)
  11 ettins
  2 jiangshi (Depths:3)
  The ghost of selver the Cruncher, a journeyman DsVM of Vehumet (Lair:2)
  6 great orbs of eyes
  Josephine (D:14)
  6 fire dragons
  5 merfolk impalers
  5 yaktaur captains
  5 entropy weavers
  2 rakshasas (Depths:2)
  4 merfolk javelineers
  The ghost of Jeffwins the Frost Mage, a journeyman HuWn of Vehumet (Lair:2)
  6 vault guards
  5 spriggan air magi
  9 hydras
  2 peacekeepers (Vaults:4)
  9 ice dragons
  11 ironbound frosthearts
  An anaconda (shapeshifter) (Depths:3)
  10 centaur warriors
  2 death knights (D:14)
  9 boulder beetles
  2 catoblepae
  3 merfolk avatars
  A hell hog (Depths:1)
  3 two-headed ogres
  2 merfolk aquamancers
  4 tengu warriors
  8 deep troll earth magi (Depths:2)
  2 satyrs
  3 deep troll shamans (Depths:2)
  A dancing weapon (Spider:3)
  2 radroaches (Spider:4)
  22 death yaks
  5 vampire magi
  3 orc high priests (Orc:2)
  Urug (Orc:1)
  2 spriggan berserkers
  8 sun demons
  A shock serpent (shapeshifter) (Depths:1)
  A titan zombie (Vaults:2)
  7 hell knights
  A fire crab (Lair:5)
  5 soul eaters
  2 iron trolls (Depths:2)
  A spark wasp zombie (D:15)
  2 sun moths (Spider:4)
  7 sea snakes
  A titan skeleton (D:15)
  7 skysharks
  9 orb spiders
  5 glowing orange brains
  A flayed ghost (Depths:2)
  4 pharaoh ants
  33 deep trolls
  A golden dragon skeleton (Vaults:4)
  An orange crystal statue (Vaults:4)
  3 skeletal warriors
  24 ironbound convokers
  3 necromancers
  2 phantasmal warriors (Depths:1)
  6 wizards
  9 lindwurms
  11 steelbarb worms
  A fire giant zombie (Vaults:2)
  16 harpies
  5 orc sorcerers
  6 deep elf pyromancers
  10 orc knights
  12 manticores
  A cyclops (shapeshifter) (Depths:4)
  23 ugly things
  35 fauns
  23 wolf spiders
  4 moths of wrath
  8 elephants
  7 cyclopes
  An ice statue (D:10)
  19 merfolk sirens
  8 black mambas
  A tengu skeleton (Vaults:4)
  7 demonic crawlers
  8 smoke demons
  5 torpor snails
  An orange demon (Depths:4)
  18 vault sentinels
  A molten gargoyle (Depths:2)
  A storm dragon simulacrum (Vaults:2)
  2 gargoyles
  3 water nymphs
  4 centaur skeletons (D:13)
  10 cane toads
  2 kobold demonologists
  27 yaktaurs
  A hellion (Depths:2)
  A freezing wraith (D:14)
  5 komodo dragons
  7 rime drakes
  An efreet (D:14)
  6 tengu conjurers
  3 trolls
  A hellwing (Depths:4)
  6 meliai (D:15)
  A red devil (Depths:4)
  8 polar bears
  25 merfolk
  A wolf spider simulacrum (D:14)
  A tarantella (shapeshifter) (D:11)
  6 wind drakes
  11 hornets
  Prince Ribbit (D:9)
  11 tarantellas
  10 blink frogs
  9 snapping turtles
  9 dream sheep
  46 slime creatures
  16 culicivoras
  23 jumping spiders
  47 yaks
  7 wraiths
  14 spriggans
  6 water elementals
  A shadow (D:13)
  A vampire (D:14)
  A ynoxinul (Depths:2)
  5 wyverns
  3 fire elementals
  4 basilisks
  A hog (shapeshifter) (Depths:2)
  A steam dragon (D:9)
  4 hogs (D:15)
  42 redbacks
  3 vampire mosquitoes (D:11)
  A redback simulacrum (D:14)
  A yaktaur simulacrum (Vaults:4)
  6 wargs
  15 water moccasins
  2 glowing shapeshifter skeletons
  2 hell hounds (D:14)
  A floating eye (Depths:3)
  Duvessa (D:5)
  17 ice beasts
  A sky beast (D:6)
  5 black bears
  32 orc warriors
  5 boggarts
  29 wolves
  8 ogres
  A phantom (D:6)
  17 centaurs
  3 kobold brigands
  21 bullfrogs
  Blork the orc (D:6)
  A gnoll sergeant (D:10)
  A scorpion (D:6)
  18 wights
  Dowan (D:5)
  11 howler monkeys
  7 killer bees
  9 electric eels
  8 hounds
  A human simulacrum (Vaults:4)
  10 jellies
  22 orc priests
  Crazy Yiuf (D:2)
  A gnoll bouda (D:4)
  A sleepcap (D:6)
  5 iguanas
  Natasha (twice) (D:2)
  29 orc wizards
  10 hell rats
  Robin (D:2)
  7 gnolls
  5 river rats
  16 adders
  An ufetubus (Vaults:4)
  2 dart slugs
  77 orcs
  7 endoplasms
  2 giant cockroaches (D:3)
  20 goblins
  10 hobgoblins
  12 jackals
  3 quokkas
  4 ball pythons
  6 bats
  3 frilled lizards
  11 kobolds
  12 rats
  A plant (Shoals:4)
1624 creatures vanquished.

Vanquished Creatures (collateral kills)
  A vault warden (Vaults:5)
  A phantasmal warrior (Vaults:5)
  An orc warrior (Vaults:5)
3 creatures vanquished.

Vanquished Creatures (others)
  2 dread liches (Vaults:5)
  A titan (Vaults:5)
  A tengu reaver (Vaults:5)
  A storm dragon (Vaults:5)
  2 fire giants (Vaults:5)
  2 vault wardens (Vaults:5)
  A war gargoyle (Vaults:5)
  A deep elf death mage (Vaults:5)
  A yaktaur captain (Vaults:5)
  A deep elf high priest (Vaults:5)
  3 vault guards (Vaults:5)
  A phantasmal warrior (Vaults:5)
  An ironbound convoker (Vaults:5)
  A cyclops (D:14)
  2 vault sentinels (Vaults:5)
  A freezing wraith (Vaults:5)
  A yaktaur (Vaults:5)
  3 water elementals (Depths:1)
  An orc priest (Orc:2)
  An orc (D:13)
  18 bushes (Lair:5)
  33 fungi
  283 plants
  2 starspawn tentacles (Shoals:3)
  17 withered plants
381 creatures vanquished.

Grand Total: 2008 creatures vanquished

Notes
Turn   | Place    | Note
-------+----------+-------------------------------------------
     0 | D:1      | DeathPants the Vine Stalker Fighter began the quest for the
                  | Orb.
     0 | D:1      | Reached XP level 1. HP: 11/11 MP: 2/2
    94 | D:1      | Found a faded altar of an unknown god.
   272 | D:1      | Reached XP level 2. HP: 13/16 MP: 3/3
   286 | D:2      | Noticed Robin
   364 | D:1      | Reached skill level 3 in Fighting
   471 | D:1      | Reached XP level 3. HP: 20/20 MP: 4/4
   824 | D:2      | Noticed Natasha
   830 | D:2      | Killed Natasha
   831 | D:2      | Gained mutation: Your natural rate of healing is unusually
                  | fast. [Vine Stalker growth]
   831 | D:2      | Reached XP level 4. HP: 24/24 MP: 5/5
  1016 | D:2      | Reached XP level 5. HP: 28/28 MP: 6/6
  1298 | D:2      | Killed Robin
  1385 | D:2      | Noticed Natasha
  1392 | D:2      | Killed Natasha
  1578 | D:2      | Found a runed translucent door.
  1579 | D:2      | Noticed Crazy Yiuf
  1587 | D:2      | Killed Crazy Yiuf
  1676 | D:2      | Reached skill level 4 in Fighting
  1676 | D:2      | Reached XP level 6. HP: 32/33 MP: 5/7
  2073 | D:3      | Found a blossoming altar of Fedhas.
  2457 | D:3      | Found a hazy altar of Hepliaklqana.
  2458 | D:3      | Found an iron altar of Okawaru.
  2643 | D:5      | Entered Level 5 of the Dungeon
  2795 | D:4      | Identified the +5 leather armour of Nuff {rC+}
  2915 | D:4      | Reached skill level 1 in Stealth
  3161 | D:4      | Reached XP level 7. HP: 38/38 MP: 8/8
  3444 | D:6      | Reached skill level 5 in Fighting
  3456 | D:5      | Found a staircase to the Ecumenical Temple.
  3465 | Temple   | Entered the Ecumenical Temple
  3483 | Temple   | Became a worshipper of Gozag Ym Sagoz the Greedy
  3502 | D:5      | Identified the +3 trident of Division {distort, rCorr
                  | Int+4}
  3660 | D:5      | Gained mutation: You have razor-sharp teeth. [Vine Stalker
                  | growth]
  3660 | D:5      | Reached XP level 8. HP: 35/43 MP: 7/9
  3747 | D:5      | Found a stormy altar of Qazlal.
  3750 | D:5      | Identified the +0 leather armour of Parlour Games {rElec
                  | rC+ Str-3 Int+6}
  3992 | D:5      | Reached skill level 5 in Short Blades
  3998 | D:5      | Noticed Duvessa
  4000 | D:5      | Noticed Dowan
  4005 | D:5      | Killed Duvessa
  4008 | D:5      | Killed Dowan
  4009 | D:5      | Reached skill level 5 in Stealth
  4433 | D:6      | Reached skill level 6 in Fighting
  4977 | D:6      | Reached XP level 9. HP: 49/49 MP: 10/10
  5223 | D:6      | Noticed Blork the orc
  5230 | D:6      | Killed Blork the orc
  5352 | D:6      | Identified a scroll of acquirement
  5352 | D:6      | Acquired the +6 quick blade "Orogg" {spect, rElec rC- Will+
                  | Dex+2}
  5690 | D:7      | Reached skill level 7 in Fighting
  6310 | D:8      | Noticed a two-headed ogre
  6320 | D:8      | Killed a two-headed ogre
  6321 | D:8      | Reached XP level 10. HP: 56/56 MP: 11/11
  6381 | D:8      | Found Viczenul's Jewellery Boutique.
  6389 | D:8      | Bought the amulet of Cohoaz {Reflect Regen+ Str+5 Dex-2
                  | SH+5} for 649 gold pieces
  6438 | D:8      | Reached skill level 8 in Fighting
  6480 | D:8      | Reached skill level 1 in Dodging
  6715 | D:8      | Found a hide-covered altar of Uskayaw.
  7419 | D:10     | Entered Level 10 of the Dungeon
  7490 | D:9      | Noticed Prince Ribbit
  7510 | D:9      | Killed Prince Ribbit
  7511 | D:9      | Reached skill level 9 in Fighting
  7733 | D:9      | Found a runed translucent door.
  7734 | D:9      | Noticed a boulder beetle
  7771 | D:9      | Killed a boulder beetle
  7772 | D:9      | Reached XP level 11. HP: 56/63 MP: 9/12
  7793 | D:9      | Reached skill level 5 in Dodging
  7800 | D:9      | Noticed a deep elf pyromancer
  7804 | D:9      | Killed a deep elf pyromancer
  7805 | D:9      | Reached skill level 1 in Throwing
  7807 | D:9      | Noticed a centaur warrior
  7807 | D:9      | Noticed a cyclops
  7814 | D:9      | Killed a centaur warrior
  7815 | D:9      | Reached skill level 10 in Fighting
  7820 | D:9      | Killed a cyclops
  7869 | D:9      | Found an ornate altar of the Wu Jian Council.
  7870 | D:9      | Found an ancient bone altar of Kikubaaqudgha.
  8184 | D:9      | Noticed a two-headed ogre
  8192 | D:9      | Killed a two-headed ogre
  8275 | D:9      | Found a staircase to the Lair.
  8351 | D:9      | Found a white marble altar of Elyvilon.
  8515 | D:9      | Found a basalt altar of Yredelemnul.
  9267 | D:11     | Noticed a cyclops
  9276 | D:11     | Killed a cyclops
  9437 | D:10     | Noticed an ice dragon
  9462 | D:10     | Killed an ice dragon
  9463 | D:10     | Reached skill level 11 in Fighting
  9463 | D:10     | Reached XP level 12. HP: 8/70 MP: 5/13
  9463 | D:10     | HP: 2/70 [something (6)]
  9468 | D:10     | Identified the +4 trident "Beiniz Cafe" {elec, Fly SInv}
  9580 | D:10     | Noticed a frost giant
  9590 | D:10     | Killed a frost giant
  9591 | D:10     | Reached skill level 5 in Throwing
  9862 | D:11     | Noticed a two-headed ogre
  9896 | D:11     | Killed a two-headed ogre
 10338 | D:8      | Bought a +4 ring of slaying for 1170 gold pieces
 11202 | D:12     | Acquired the +2 hat of the Equator {rC+ Dex+4}
 11259 | D:12     | Reached skill level 12 in Fighting
 11361 | D:12     | Found a staircase to the Orcish Mines.
 11865 | Lair:1   | Entered Level 1 of the Lair of Beasts
 11999 | Lair:1   | Noticed a four-headed hydra
 12006 | Lair:1   | Killed a four-headed hydra
 12057 | Lair:1   | Reached XP level 13. HP: 75/75 MP: 14/14
 12233 | Lair:1   | Reached skill level 10 in Throwing
 12357 | Lair:1   | You fall into a shaft and drop 1 floor!
 13437 | Lair:2   | Found a staircase to the Shoals.
 13484 | Lair:2   | Found a runed translucent gate.
 13484 | Lair:2   | Found a runed translucent gate.
 13484 | Lair:2   | Found a runed translucent gate.
 13490 | Lair:2   | Noticed Jeffwins's ghost (journeyman HuWn)
 13490 | Lair:2   | Noticed selver's ghost (journeyman DsVM)
 13492 | Lair:2   | Noticed diodin's ghost (journeyman MfIE)
 13588 | Lair:2   | Found a hole to the Spider Nest.
 14994 | Lair:4   | Noticed hikkokomori's ghost (journeyman BaHu)
 15091 | Lair:4   | Found a transporter.
 15108 | Lair:4   | Found a transporter.
 15200 | Lair:4   | Found the +8 whip "Snakebite" {venom, curare, rPois}
 15298 | Lair:5   | Entered Level 5 of the Lair of Beasts
 15351 | Lair:4   | Reached XP level 14. HP: 80/80 MP: 15/15
 15357 | Lair:4   | Noticed Snorg
 15373 | Lair:4   | Killed Snorg
 16033 | Lair:5   | Paralysed by a hornet for 1 turns
 16572 | Lair:5   | Reached XP level 15. HP: 81/85 MP: 16/16
 16941 | Lair:5   | Found a viscous altar of Jiyva.
 16941 | Lair:5   | Found a staircase to the Slime Pits.
 16959 | Lair:5   | Reached skill level 5 in Armour
 17052 | Lair:4   | Reached skill level 13 in Fighting
 18243 | D:13     | Found a gate to the Vaults.
 18782 | D:15     | Entered Level 15 of the Dungeon
 18944 | D:14     | Identified the amulet "Xiam" {Faith Str+3 Stlth+}
 18963 | D:14     | Identified the ring of Ziobokucw {Ice Fly Will++ Slay-5
                  | SInv}
 19018 | D:14     | Identified the ring of Hospitality {Contam rC+ AC+4 Dex+4}
 19179 | D:15     | Reached skill level 14 in Fighting
 19245 | D:14     | Reached XP level 16. HP: 93/93 MP: 17/17
 19251 | D:14     | Noticed Josephine
 19255 | D:14     | Killed Josephine
 19451 | D:14     | Reached skill level 10 in Stealth
 19500 | D:14     | Noticed Azrael
 19524 | D:14     | Killed Azrael
 19746 | D:14     | Got the Book of Frost
 19778 | D:14     | Identified the ring "Teut" {rPois Will++ Str+4}
 19987 | D:15     | Found a staircase to the Depths.
 20066 | D:15     | Reached skill level 15 in Throwing
 20221 | D:15     | Found a blossoming altar of Fedhas.
 20315 | D:15     | Noticed Kirke
 20331 | D:15     | Killed Kirke
 20735 | Orc:1    | Entered Level 1 of the Orcish Mines
 20769 | Orc:1    | Noticed Urug
 20782 | Orc:1    | Killed Urug
 20986 | Orc:2    | Entered Level 2 of the Orcish Mines
 21014 | Orc:1    | Found Taluquarr's General Store.
 21091 | Orc:1    | Bought a potion of haste for 110 gold pieces
 21091 | Orc:1    | Bought a potion of invisibility for 88 gold pieces
 21281 | Orc:2    | Found a staircase to the Elven Halls.
 21909 | Orc:2    | HP: 4/93 [orc knight/bolt (14)]
 22234 | Orc:2    | Found Vum Den's Antique Weapon Emporium.
 22234 | Orc:2    | Found Ganugeeph's Armour Boutique.
 22280 | Orc:2    | Found Inaopt's Distillery.
 22280 | Orc:2    | Found Nytutek's Assorted Antiques.
 22286 | Orc:2    | Bought a dazzling dagger for 182 gold pieces
 22286 | Orc:2    | Identified the +6 dagger of Salt {flame, rF+ rN+ MP+9
                  | Dex+4} (You bought it in a shop on level 2 of the Orcish
                  | Mines)
 22289 | Orc:2    | Bought a potion of invisibility for 80 gold pieces
 22289 | Orc:2    | Bought a potion of experience for 500 gold pieces
 22289 | Orc:2    | Bought a potion of haste for 100 gold pieces
 22289 | Orc:2    | Bought a potion of berserk rage for 50 gold pieces
 22290 | Orc:2    | Bought a scroll of identify for 42 gold pieces
 22290 | Orc:2    | Bought a scroll of enchant weapon for 157 gold pieces
 22290 | Orc:2    | Bought a scroll of magic mapping for 157 gold pieces
 22290 | Orc:2    | Bought a scroll labelled QATEONWUAXT for 21 gold pieces
 22295 | Orc:2    | Reached XP level 17. HP: 98/98 MP: 18/18
 22548 | Shoals:1 | Entered Level 1 of the Shoals
 22614 | Lair:2   | Killed diodin's ghost
 22615 | Lair:2   | Reached skill level 15 in Fighting
 22619 | Lair:2   | Killed selver's ghost
 22633 | Lair:2   | Killed Jeffwins's ghost
 22648 | Lair:2   | Identified the +0 quarterstaff of Certain Death {drain,
                  | rElec rF+ Str-2 Int+5}
 22781 | Lair:4   | Killed hikkokomori's ghost
 22782 | Lair:4   | Reached skill level 5 in Long Blades
 23005 | Shoals:1 | Reached skill level 10 in Dodging
 23199 | Shoals:1 | Reached XP level 18. HP: 91/104 MP: 19/19
 23239 | Shoals:1 | Noticed Louise
 23279 | Shoals:1 | Killed Louise
 23604 | Shoals:1 | Noticed Nikola
 23615 | Shoals:1 | Identified the +1 ring mail of the Stag {Int+2 Slay+4}
 23630 | Shoals:1 | Killed Nikola
 24116 | Shoals:2 | Noticed Ilsuiw
 24141 | Shoals:1 | HP: 3/104 [merfolk impaler/+1 trident of venom[Ilsuiw] (5)]
 24440 | Shoals:2 | Killed Ilsuiw
 24580 | Shoals:3 | Got the Incunabulum of Teratogeny
 25280 | Shoals:2 | Noticed Frances
 25294 | Shoals:2 | Killed Frances
 25360 | Shoals:2 | Found Igiarri's Jewellery Shoppe.
 25561 | Shoals:4 | Entered Level 4 of the Shoals
 25606 | Shoals:3 | Noticed Polyphemus
 25635 | Shoals:3 | Killed Polyphemus
 25815 | Shoals:3 | Noticed Mlioglotl
 25830 | Shoals:3 | Killed Mlioglotl
 25879 | Shoals:3 | Reached skill level 16 in Fighting
 25886 | Shoals:3 | Noticed Jorgrun
 25944 | Shoals:3 | Killed Jorgrun
 26071 | Shoals:3 | Learned a level 5 spell: Borgnjor's Vile Clutch
 26516 | Shoals:4 | Reached skill level 1 in Spellcasting
 26516 | Shoals:4 | Reached skill level 1 in Necromancy
 26516 | Shoals:4 | Reached skill level 1 in Earth Magic
 26554 | Shoals:4 | Identified the +0 leather armour "Kiotutek" {rF- rCorr
                  | Int+8}
 26718 | Shoals:4 | Found Jel Rane's General Store.
 26768 | Shoals:4 | Bought a potion of magic for 120 gold pieces
 26768 | Shoals:4 | Bought a potion of curing for 45 gold pieces
 26816 | Shoals:4 | HP: 2/105 [merfolk javelineer/silver javelin (6)]
 27050 | Shoals:4 | Reached XP level 19. HP: 109/109 MP: 23/23
 27072 | Shoals:4 | Found Rigoesal's General Store.
 27081 | Shoals:4 | Bought a scroll of teleportation for 30 gold pieces
 27081 | Shoals:4 | Bought a potion of haste for 100 gold pieces
 27091 | Shoals:4 | Learned a level 5 spell: Agony
 27346 | Shoals:4 | Found Sepomupt's Antique Armour Shoppe.
 27354 | Shoals:4 | Bought a pair of glowing boots for 292 gold pieces
 27354 | Shoals:4 | Bought a steaming leather armour for 273 gold pieces
 27354 | Shoals:4 | Identified the +1 leather armour of Yfionk Niek {Harm
                  | Regen+ Int+4} (You bought it in a shop on level 4 of the
                  | Shoals)
 27387 | Shoals:4 | Got a barnacled rune of Zot
 27539 | Shoals:4 | Found Gyextaf's Armour Boutique.
 27990 | Orc:2    | Bought the ring "Wiob" {Wiz Int+4 Slay+2} for 753 gold
                  | pieces
 28234 | Spider:1 | Entered Level 1 of the Spider Nest
 28843 | Spider:1 | Reached skill level 5 in Necromancy
 29098 | Spider:2 | Reached skill level 5 in Spellcasting
 29108 | Spider:2 | Reached skill level 5 in Earth Magic
 29843 | Spider:4 | Entered Level 4 of the Spider Nest
 30494 | Spider:3 | Found a runed translucent door.
 30495 | Spider:3 | Found a shimmering altar of Xom.
 30495 | Spider:3 | Noticed porpoise's ghost (adept DjFE)
 30496 | Spider:3 | Identified the +9 halberd of Tenacity {chaos, rElec rF++
                  | Dex+5}
 30504 | Spider:3 | Killed porpoise's ghost
 30514 | Spider:3 | Identified the staff of earth "Vyofon" {Stlth+}
 30967 | Spider:4 | Reached XP level 20. HP: 114/114 MP: 30/30
 31426 | Spider:4 | Got a gossamer rune of Zot
 31941 | Vaults:1 | Entered Level 1 of the Vaults
 32753 | Vaults:1 | Reached skill level 10 in Necromancy
 32761 | Vaults:1 | Reached skill level 10 in Earth Magic
 33628 | Vaults:2 | Learned a level 2 spell: Wereblood
 33636 | Vaults:2 | Identified the +1 cloak "Kusaegib" {Fly Int-2 SInv}
 33688 | Vaults:2 | Reached skill level 1 in Transmutations
 33883 | Vaults:2 | Reached skill level 5 in Transmutations
 33883 | Vaults:2 | Reached XP level 21. HP: 106/119 MP: 34/34
 35768 | Vaults:3 | Found a staircase to the Crypt.
 37015 | Vaults:4 | Noticed Frederick
 37021 | Vaults:4 | Killed Frederick
 37061 | Vaults:4 | Learned a level 5 spell: Yara's Violent Unravelling
 37085 | Vaults:5 | Entered Level 5 of the Vaults
 37314 | Vaults:4 | Reached skill level 1 in Hexes
 37400 | Vaults:4 | Reached skill level 17 in Fighting
 37446 | Vaults:4 | Reached skill level 10 in Long Blades
 37498 | Vaults:4 | Reached skill level 10 in Armour
 37609 | Vaults:4 | Reached XP level 22. HP: 126/126 MP: 35/35
 38207 | Depths:1 | Entered Level 1 of the Depths
 38230 | Depths:1 | Found a gateway to Hell.
 38563 | Depths:1 | Found Cewuosch's Weapon Shoppe.
 38668 | Depths:2 | Noticed a golden dragon
 38678 | Depths:2 | Killed a golden dragon
 38894 | Depths:1 | Found a radiant altar of Vehumet.
 38922 | Depths:1 | Paralysed by a vampire knight for 2 turns
 38932 | Depths:1 | Reached skill level 5 in Hexes
 39410 | Depths:2 | Noticed Mara
 39422 | Depths:2 | Killed Mara
 39837 | Depths:2 | Reached skill level 10 in Transmutations
 39931 | Depths:2 | Reached skill level 18 in Fighting
 40200 | Depths:2 | Found a one-way gate leading to the halls of Pandemonium.
 40624 | Depths:3 | Reached XP level 23. HP: 100/133 MP: 30/36
 40790 | Depths:3 | Noticed Vv
 40815 | Depths:3 | Killed Vv
 40889 | Depths:4 | Entered Level 4 of the Depths
 41124 | Depths:3 | Identified the +0 chain mail of Gestures {Rampage rElec
                  | Int-3}
 41351 | Depths:3 | Found a one-way gate to the infinite horrors of the Abyss.
 41469 | Depths:4 | Found a one-way gateway to a ziggurat.
 41681 | Depths:4 | Found a gate to the Realm of Zot.
 42511 | Depths:3 | Noticed a golden dragon
 42522 | Depths:3 | Killed a golden dragon
 42523 | Depths:3 | Reached skill level 10 in Short Blades
 42855 | Vaults:5 | Noticed a dread lich
 42856 | Vaults:5 | Killed a dread lich
 42863 | Vaults:5 | Noticed a dread lich
 42871 | Vaults:5 | Killed a dread lich
 42907 | Vaults:4 | Killed from afar by a shadow dragon

Illustrated notes

Levels and vault maps discovered:
D:1:      dreamdust_arrival_sigmund_warning, layout_loops_ring,
          chequers_ecumenical_altar_island
D:2:      layout_basic, uniq_natasha, uniq_crazy_yiuf_cottage, uniq_robin
D:3:      layout_loops_cross, minitemple, serial_park_tiny_1,
          wander_ebering_terrifying_dragon_lair
D:4:      layout_basic, minmay_divided_ellipse
D:5:      layout_layer_cave, grunt_qazlal_sundering, minmay_temple_entry_grid,
          uniq_duvessa
D:6:      layout_cave_pods, minmay_fountain_box, st_stairs_2,
          kennysheep_generic_room_5, uniq_blork_the_orc
D:7:      layout_loops_ring, enter_bailey_3, chequers_serial_rivers_small_b
D:8:      layout_basic, lemuel_coloured_pillars_altar, serial_shops,
          nicolae_square_shop, dk_noncrumbling_4
D:9:      nicolae_cairo_tiling_large_dashed, layout_irregular_city,
          kennysheep_ying_yang, jmf_multi_god_temple, minivault_13,
          uniq_prince_ribbit1
D:10:     minmay_twisted_water, layout_rooms, serial_bayou, serial_bayou_pond_e,
          serial_bayou_pond_a, serial_bayou_ford_a, serial_bayou_pond_a,
          serial_bayou_shore_b
D:11:     layout_loops_ring
D:12:     layout_irregular_city, david_orc_3
D:13:     layout_gridville, hangedman_vaults_entry_quadrant_bands
D:14:     minmay_the_grid_triangle_9x9_rhombus_thin_mashed
          [minmay_the_grid_triangle_9x9_warning,
          minmay_the_grid_triangle_9x9_prize_special,
          minmay_the_grid_triangle_9x9_stretched_checkered,
          minmay_the_grid_triangle_9x9_empty], layout_basic,
          hangedman_decor_clover_reticule, uniq_azrael, uniq_josephine
D:15:     gammafunk_depths_entry_grave, layout_basic, fedhas_altar_3, uniq_kirke
Temple:   nicolae_temple_god_jail
Lair:1:   layout_layer_cave, minmay_shattered_shrine, grunt_megastairs_2
Lair:2:   layout_big_grid, nicolae_shoals_entry_roost, spider_nest_entry_rubble,
          gammafunk_ghost_cemetery
Lair:3:   layout_chaotic_city, st_stairs_3, kennysheep_catoblepas_arena
Lair:4:   minmay_guarded_unrand_snakebite, layout_gridlike, enter_volcano_2,
          gammafunk_ghost_arena, uniq_snorg
Lair:5:   minmay_lair_end_enchanted_forest, layout_regular_city,
          nicolae_slime_entry_field_trip, serial_forest,
          infiniplex_forest_lined_3, infiniplex_forest_clump_medium,
          infiniplex_forest_clump_diagonal, infiniplex_forest_end_2,
          infiniplex_forest_lined_3, infiniplex_forest_clump_medium,
          infiniplex_forest_clump_C, infiniplex_forest_corner_1,
          infiniplex_forest_lined_room_2, infiniplex_forest_lined_3,
          st_stairs_13, kennysheep_abandoned_house
Shoals:1: layout_shoals, uniq_nikola, uniq_louise
Shoals:2: layout_shoals, serial_shops, nicolae_shop_trees, uniq_frances,
          uniq_ilsuiw
Shoals:3: cheibrodos_shoals_roost, layout_shoals, uniq_polyphemus,
          uniq_mlioglotl, uniq_jorgrun
Shoals:4: shoals_end_grunt_garden, layout_shoals, serial_shops,
          nicolae_lakefront_shop, nicolae_shop_temple_entry_statues_fountains,
          shop, nicolae_shop_stone, nicolae_shoals_this_corrosion
Spider:1: layout_spider_delve, nicolae_spider_not_touching_you
Spider:2: layout_spider_delve, drop_trap
Spider:3: layout_spider_delve, ebering_ghost_xom, nicolae_spider_claw_tunnel
Spider:4: guppyfry_spider_rune
Orc:1:    layout_caves, serial_shops, shop, mines2_david, uniq_urug
Orc:2:    grunt_orc_tribal_feast, layout_caves, basic_altar, minmay_orc_keep
Vaults:1: vaults_mumra_minichess_inversion, hangedman_vaults_snaps,
          nicolae_vaults_network_s, v_alt_pattern_4, nicolae_vaults_big_ls,
          nicolae_vaults_border_crossing, dpeg_vaults_monster_box,
          layout_vaults_quadrants
Vaults:2: st_cells, v_misc_13, nicolae_vaults_disjoint_gnomons, v_rooms_1,
          vaults_dpeg_diagonal, v_misc_10, hangedman_vaults_pinch,
          nicolae_vaults_angled_halls, ontoclasm_vaults_twist,
          ontoclasm_vaults_eye, ontoclasm_vaults_ligature,
          nicolae_vaults_alarming, layout_vaults_omnicross
Vaults:3: vaults_dpeg_hooks, nicolae_vaults_circle_grid_b,
          nicolae_vaults_asterisk, ontoclasm_vaults_hangar,
          nicolae_vaults_network_star, nicolae_vaults_three_branches,
          nicolae_vaults_twisting_passages, hangedman_vaults_maws, v_misc_9,
          minmay_crypt_entry_simple_round, v_misc_24, grunt_vaults_focal,
          nicolae_vaults_triangles, layout_vaults_omnibox
Vaults:4: nicolae_vaults_ninety_degrees, nicolae_vaults_circle_grid_b,
          serial_ice_g, v_rooms_5, v_misc_33, nicolae_vaults_circle_grid_b,
          vaults_mumra_hex, nicolae_vaults_statue_guard, ontoclasm_vaults_fault,
          vaults_standard_mumra_lines, vaults_dpeg_ring, layout_vaults_ring,
          uniq_frederick
Vaults:5
Depths:1: layout_cave_shapes, nicolae_vehumet_altar_sigil, serial_shops, shop,
          hellmouth_3, lemuel_freeze_loot_1, serial_bayou_shore_b
Depths:2: nzn_winding_woodlands_cross [nzn_winding_woodlands_5x15_crooked,
          nzn_winding_woodlands_5x15_pockets,
          nzn_winding_woodlands_5x15_pathside_ponds,
          nzn_winding_woodlands_5x15_zeroes,
          nzn_winding_woodlands_15x15_killbox], layout_cave_pools, hell_entry,
          amcnicky_mini_pool_small, rand_demon_pan_entry_5,
          minmay_staircase_bubble, uniq_mara
Depths:3: hangedman_arrow_trap, layout_small_grid, lightli_too_deep,
          chequers_decorated_corner, abyss_entry_small_statue_room,
          roderic_lattice_octagonal_star, uniq_vv
Depths:4: grunt_zot_entry_funnels, layout_cave_shapes, enter_ziggurat_d,
          pf_coc_iceberg, nicolae_abyss_entry_one_way_or_another,
          minmay_stone_trees_small, grunt_pan_entry_spiral

Skill      XL: |  1  2  3  4  5  6  7  8  9 10 11 12 13 14 15 16 17 18 19 20 21 22 23 |
---------------+----------------------------------------------------------------------+-----
Short Blades   | 2 3 4 6 7 8 10 | 10.1
Shields        | 3 4 |  4.3
Fighting       | 3 4 5 6 7 9 11 12 14 15 16 17 18 | 18.2
Stealth        | 1 4 6 9 12 | 12.2
Dodging        | 4 6 7 8 9 10 11 12 | 12.5
Throwing       | 4 8 13 14 15 16 | 16.0
Armour         | 4 7 10 | 10.1
Long Blades    | 4 5 8 10 11 | 11.8
Spellcasting   | 2 6 8 |  8.0
Necromancy     | 2 8 11 | 11.2
Earth Magic    | 2 8 11 | 11.2
Transmutations | 5 11 | 11.3
Hexes          | 2 7 |  7.8

Action                     |  1- 3 |  4- 6 |  7- 9 | 10-12 | 13-15 | 16-18 | 19-21 | 22-24 || total
---------------------------+-------+-------+-------+-------+-------+-------+-------+-------++-------
  Melee: Rapier            |    88 |    65 |     8 |       |       |       |       |       ||   161
         Bite              |    18 |    55 |    85 |   226 |   485 |   517 |   718 |   427 ||  2531
         Short sword       |       |   122 |   181 |       |       |       |       |       ||   303
         Quick blade       |       |       |    87 |   571 |   940 |  1037 |  1155 |   675 ||  4465
  Throw: Boomerang         |       |       |    19 |    58 |    65 |   201 |   273 |    34 ||   650
         Dart              |       |       |     4 |       |       |       |       |       ||     4
         Javelin           |       |       |       |       |       |       |    56 |    46 ||   102
         Throwing net      |       |       |       |       |       |       |     2 |       ||     2
   Cast: Borgnjor's Vile C |       |       |       |       |       |       |    13 |     6 ||    19
         Agony             |       |       |       |       |       |       |     8 |    13 ||    21
         Wereblood         |       |       |       |       |       |       |     1 |     1 ||     2
 Invoke: Call Merchant     |       |       |       |       |       |     1 |       |       ||     1
         Bribe Branch      |       |       |       |       |       |       |       |     1 ||     1
  Evoke: Wand              |       |     1 |       |     6 |       |     2 |       |       ||     9
         Phial of floods   |       |       |       |       |       |     1 |       |       ||     1
    Use: Scroll            |     1 |     8 |     7 |    10 |     7 |    11 |     5 |     6 ||    55
         Potion            |       |       |     1 |     1 |     2 |     6 |     1 |     5 ||    16
   Stab: Sleeping          |       |       |     6 |    17 |    20 |    22 |    19 |     9 ||    93
         Distracted        |       |       |     2 |    21 |    37 |    45 |    48 |    37 ||   190
         Petrifying        |       |       |       |       |       |     4 |       |       ||     4
         Petrified         |       |       |       |       |       |     2 |       |       ||     2
         Held in net/web   |       |       |       |       |       |     1 |       |       ||     1
 Armour: Scale mail        |    42 |    55 |       |       |       |       |       |       ||    97
         Leather armour    |       |    26 |   116 |    92 |   176 |   110 |       |       ||   520
         Ring mail         |       |       |       |       |       |     2 |   205 |   114 ||   321
  Dodge: Dodged            |    37 |    81 |    72 |   118 |   365 |   371 |   472 |   268 ||  1784
  Block: Buckler           |    25 |    44 |    57 |   127 |   348 |   367 |   416 |   226 ||  1610
         Reflection        |       |       |       |     5 |    10 |    34 |    31 |     2 ||    82

Table legend: (Time is in decaauts)
 A = Elapsed time spent in this place.
 B = Non-inter-level travel time spent in this place.
 C = Inter-level travel time spent in this place.
 D = Time resting spent in this place.
 E = Time spent auto-exploring this place.
 F = Levels seen in this place.
 G = Mean time per level.
                   A        B        C        D        E       F      G
               +--------+--------+--------+--------+--------+-----+--------+
         Total |  39871 |  36434 |   3437 |    882 |  24306 |  40 |  996.8 |
       Dungeon |  14663 |  12971 |   1692 |    319 |   8755 |  15 |  977.5 |
        Temple |     28 |     19 |      9 |      0 |      1 |   1 |   28.0 |
          Lair |   6024 |   5428 |    596 |     82 |   3551 |   5 | 1204.8 |
        Shoals |   4445 |   4273 |    172 |    208 |   2605 |   4 | 1111.2 |
   Spider Nest |   3281 |   3135 |    146 |      0 |   2241 |   4 |  820.2 |
  Orcish Mines |   1591 |   1349 |    242 |      0 |   1013 |   2 |  795.5 |
        Vaults |   5834 |   5426 |    408 |    220 |   3732 |   5 | 1166.8 |
        Depths |   4001 |   3832 |    169 |     53 |   2406 |   4 | 1000.2 |
               +--------+--------+--------+--------+--------+-----+--------+

Top non-repeatable levels by time:
Vaults:3: 1892 daAuts
  Lair:1: 1502 daAuts
Vaults:2: 1441 daAuts
  Lair:5: 1426 daAuts
Shoals:1: 1390 daAuts
Vaults:1: 1340 daAuts
    D:11: 1326 daAuts
     D:9: 1267 daAuts
     D:8: 1257 daAuts
  Lair:4: 1249 daAuts
Depths:2: 1245 daAuts
    D:10: 1142 daAuts
     D:6: 1134 daAuts
Shoals:4: 1126 daAuts
    D:14: 1125 daAuts
